 Dungeon Crawl Stone Soup version 0.28-a0-1624-g820543e53a (webtiles) character file.

Game seed: 2851791979773617267

289 soggyman666 the Shield-Bearer (level 6, -4/53 HPs)
             Began as a Gnoll Fighter on Jan 24, 2022.
             Slain by an iguana (7 damage)
             ... on level 3 of the Dungeon.
             The game lasted 00:07:00 (1947 turns).

soggyman666 the Shield-Bearer (Gnoll Fighter)       Turns: 1947, Time: 00:07:00

Health: -4/53      AC:  7    Str: 15    XL:     6   Next: 31%
Magic:  8/8        EV:  9    Int: 10    God:
Gold:   68         SH:  5    Dex: 11    Spells: 8/8 levels left

rFire   . . .      SeeInvis .   a - +0 war axe
rCold   . . .      Faith    .   c - +0 buckler
rNeg    . . .      Spirit   .   b - +0 scale mail
rPois   .          Reflect  .   (no helmet)
rElec   .          Harm     .   (no cloak)
rCorr   .          Rampage  .   (no gloves)
Will    .....                   (no boots)
Stlth   ..........              (no amulet)
HPRegen 0.17/turn               (no ring)
MPRegen 0.11/turn               (no ring)

@: no status effects
A: fangs 1, strong nose, distributed training
a: no special abilities


You were on level 3 of the Dungeon.
You visited 1 branch of the dungeon, and saw 3 of its levels.
You also visited: Sewer.

You collected 68 gold pieces.

Inventory:

Hand Weapons
 a - a +0 war axe (weapon)
Missiles
 e - 20 sling bullets
 f - 150 stones (quivered)
 g - 32 bolts
 o - 25 arrows
Armour
 b - a +0 scale mail (worn)
 c - a +0 buckler (worn)
 h - a +0 chain mail
Magical Staves
 k - a staff of earth
Scrolls
 i - 3 scrolls of identify
 j - 2 scrolls of amnesia
 l - a scroll of teleportation
 m - a scroll of fear
 p - a scroll of noise {unknown}
Potions
 d - 2 potions of flight
 n - 3 potions of curing
 q - 2 potions of haste {unknown}


   Skills:
 + Level 6.8 Fighting
 + Level 1.9 Short Blades
 + Level 1.9 Long Blades
 + Level 4.9 Axes
 + Level 1.9 Maces & Flails
 + Level 1.9 Polearms
 + Level 1.9 Staves
 + Level 1.9 Slings
 + Level 1.9 Bows
 + Level 1.9 Crossbows
 + Level 1.9 Throwing
 + Level 6.8 Armour
 + Level 1.9 Dodging
 + Level 1.9 Stealth
 + Level 6.8 Shields
 + Level 1.9 Unarmed Combat
 + Level 1.9 Spellcasting
 + Level 1.5 Conjurations
 + Level 1.5 Hexes
 + Level 1.5 Summonings
 + Level 1.5 Necromancy
 + Level 1.5 Translocations
 + Level 1.5 Transmutations
 + Level 1.5 Fire Magic
 + Level 1.5 Ice Magic
 + Level 1.5 Air Magic
 + Level 1.5 Earth Magic
 + Level 1.5 Poison Magic
 + Level 2.1 Invocations
 + Level 1.9 Evocations


You had 8 spell levels left.
You didn't know any spells.
Your spell library was empty.

Dungeon Overview and Level Annotations

Branches:
Dungeon (3/15)              Sewer (visited)

Altars:


Innate Abilities, Weirdness & Mutations

You have very sharp teeth.
Your uncanny sense of smell can sniff out nearby items.
Your experience applies equally to all skills.


Message History

You are too injured to fight recklessly!
Unknown command.
You are too injured to fight recklessly!
You closely miss Terence.
Terence is severely wounded.
You miss the adder. The adder bites you but does no damage.
Terence hits you with a +1 short sword of speed.
The adder bites you but does no damage. Terence closely misses you.
You barely miss Terence.
Terence is severely wounded.
You miss the adder. The adder closely misses you. You block Terence's attack.
The adder closely misses you.
You slash Terence!
You kill Terence!
You hit the adder but do no damage. The adder bites you but does no damage.
The rat bites you.
* * * LOW HITPOINT WARNING * * *
You barely miss the rat. Your bite misses the rat. You slash the adder!
The adder bites you.
* * * LOW HITPOINT WARNING * * *
The adder bites you.
* * * LOW HITPOINT WARNING * * *
The rat completely misses you.
As you read the scroll of teleportation, it crumbles to dust.
You feel strangely unstable. The adder barely misses you.
The rat closely misses you. You block the adder's attack.
Your surroundings suddenly seem different.
An iguana comes into view.
Found a stone staircase leading up.
The iguana hisses angrily.
The iguana bites you but does no damage.
You hit the iguana.
The iguana is lightly wounded.
The iguana bites you!
* * * LOW HITPOINT WARNING * * *
You barely miss the iguana.
The iguana is lightly wounded.
The iguana bites you!
You die...

∆ ∆ ##### ..... #####
############### ########
#......@l...... ........
#.####################..
#......#....
#......#.#.#
#........#.#
#...........
#......##.## #.#
#...†..##.## ###.####
#..†...##.#.


You could see an iguana.

Vanquished Creatures
  2 kobold brigands (Sewer)
  Terence (D:3)
  An orc wizard (D:3)
  3 river rats (Sewer)
  A worm (D:2)
  A dart slug (D:1)
  3 orcs (D:3)
  3 ball pythons
  3 endoplasms
  4 giant cockroaches
  5 goblins
  A hobgoblin (D:2)
  11 jackals
  3 quokkas
  6 bats
  2 frilled lizards
  7 kobolds
  8 rats
65 creatures vanquished.

Vanquished Creatures (others)
  3 plants (D:1)
3 creatures vanquished.

Grand Total: 68 creatures vanquished

Notes
Turn   | Place    | Note
-------+----------+-------------------------------------------
     0 | D:1      | soggyman666 the Gnoll Fighter began the quest for the Orb.
     0 | D:1      | Reached XP level 1. HP: 23/23 MP: 1/1
   147 | D:1      | Found a faded altar of an unknown god.
   228 | D:1      | Reached XP level 2. HP: 26/29 MP: 2/2
   703 | D:2      | Reached XP level 3. HP: 23/35 MP: 3/3
  1101 | D:2      | Reached skill level 1 in Invocations
  1328 | D:3      | Found a glowing drain.
  1352 | D:3      | Reached skill level 1 in Short Blades
  1352 | D:3      | Reached skill level 1 in Long Blades
  1352 | D:3      | Reached skill level 1 in Maces & Flails
  1352 | D:3      | Reached skill level 1 in Polearms
  1352 | D:3      | Reached skill level 1 in Staves
  1352 | D:3      | Reached skill level 1 in Slings
  1352 | D:3      | Reached skill level 1 in Bows
  1352 | D:3      | Reached skill level 1 in Crossbows
  1352 | D:3      | Reached skill level 1 in Throwing
  1352 | D:3      | Reached skill level 1 in Dodging
  1352 | D:3      | Reached skill level 1 in Stealth
  1352 | D:3      | Reached skill level 1 in Unarmed Combat
  1352 | D:3      | Reached skill level 1 in Spellcasting
  1352 | D:3      | Reached skill level 1 in Evocations
  1357 | Sewer    | Entered a sewer
  1363 | Sewer    | Reached XP level 4. HP: 41/41 MP: 5/5
  1517 | Sewer    | Noticed a kobold brigand
  1518 | Sewer    | Noticed a kobold brigand
  1549 | Sewer    | Killed a kobold brigand
  1550 | Sewer    | Reached skill level 1 in Conjurations
  1550 | Sewer    | Reached skill level 1 in Hexes
  1550 | Sewer    | Reached skill level 1 in Summonings
  1550 | Sewer    | Reached skill level 1 in Necromancy
  1550 | Sewer    | Reached skill level 1 in Translocations
  1550 | Sewer    | Reached skill level 1 in Transmutations
  1550 | Sewer    | Reached skill level 1 in Fire Magic
  1550 | Sewer    | Reached skill level 1 in Ice Magic
  1550 | Sewer    | Reached skill level 1 in Air Magic
  1550 | Sewer    | Reached skill level 1 in Earth Magic
  1550 | Sewer    | Reached skill level 1 in Poison Magic
  1550 | Sewer    | Reached XP level 5. HP: 44/47 MP: 5/7
  1607 | Sewer    | Killed a kobold brigand
  1608 | Sewer    | Reached XP level 6. HP: 45/53 MP: 8/8
  1665 | Sewer    | Found a white marble altar of Elyvilon.
  1926 | D:3      | Noticed Terence
  1941 | D:3      | Killed Terence
  1947 | D:3      | Slain by an iguana

Illustrated notes

Levels and vault maps discovered:
D:1:      lightli_arrival_flooded_house, layout_rooms,
          shapermc_ecumenical_altar_mp_ritualfount
D:2:      wad_pebble_path, layout_rooms, minmay_surrounded
D:3:      layout_rooms, portal_sewer_entry_f, grunt_decor_mini_mirrors,
          uniq_terence

Skill      XL: |  1  2  3  4  5 |
---------------+----------------+-----
Invocations    | 1 2 |  2.1
Short Blades   | 1 |  1.9
Long Blades    | 1 |  1.9
Maces & Flails | 1 |  1.9
Polearms       | 1 |  1.9
Staves         | 1 |  1.9
Slings         | 1 |  1.9
Bows           | 1 |  1.9
Crossbows      | 1 |  1.9
Throwing       | 1 |  1.9
Dodging        | 1 |  1.9
Stealth        | 1 |  1.9
Unarmed Combat | 1 |  1.9
Spellcasting   | 1 |  1.9
Evocations     | 1 |  1.9
Conjurations   | 1 |  1.5
Hexes          | 1 |  1.5
Summonings     | 1 |  1.5
Necromancy     | 1 |  1.5
Translocations | 1 |  1.5
Transmutations | 1 |  1.5
Fire Magic     | 1 |  1.5
Ice Magic      | 1 |  1.5
Air Magic      | 1 |  1.5
Earth Magic    | 1 |  1.5
Poison Magic   | 1 |  1.5
Fighting       | |  6.8
Axes           | |  4.9
Armour         | |  6.8
Shields        | |  6.8

Action                   |  1- 3 |  4- 6 || total
-------------------------+-------+-------++-------
Melee: War axe           |   100 |    79 ||   179
       Bite              |     6 |     6 ||    12
Throw: Stone             |    41 |     5 ||    46
  Use: Scroll            |     3 |     1 ||     4
       Potion            |       |     1 ||     1
Armor: Scale mail        |    45 |    38 ||    83
Dodge: Dodged            |    63 |    55 ||   118
Block: Buckler           |    32 |    29 ||    61

Table legend: (Time is in decaauts)
 A = Elapsed time spent in this place.
 B = Non-inter-level travel time spent in this place.
 C = Inter-level travel time spent in this place.
 D = Time resting spent in this place.
 E = Time spent auto-exploring this place.
 F = Levels seen in this place.
 G = Mean time per level.
                   A        B        C        D        E       F      G
               +--------+--------+--------+--------+--------+-----+--------+
         Total |   2057 |   1952 |    105 |     97 |   1256 |   4 |  514.2 |
       Dungeon |   1648 |   1543 |    105 |      0 |   1088 |   3 |  549.3 |
         Sewer |    408 |    408 |      0 |     97 |    168 |   1 |  408.0 |
               +--------+--------+--------+--------+--------+-----+--------+

Top non-repeatable levels by time:
     D:2: 675 daAuts
     D:1: 666 daAuts
   Sewer: 408 daAuts
     D:3: 306 daAuts
